 Dungeon Crawl Stone Soup version 0.20.1-1-g8b1a95d (webtiles) character file.

205 Jaijjee the Insei (level 5, 0/37 HPs)
             Began as a Merfolk Monk on Sept 25, 2017.
             Slain by a wyvern skeleton (16 damage)
             ... on level 4 of the Dungeon.
             The game lasted 00:08:52 (3047 turns).

Jaijjee the Insei (Merfolk Monk)                    Turns: 3047, Time: 00:08:52

Health: 0/37       AC:  3    Str: 11 (12) XL:     5   Next: 83%
Magic:  5/5        EV: 14    Int:  6 (9)  God:
Gold:   133        SH:  0    Dex: 14 (17) Spells: 4/4 levels left

rFire    . . .     SeeInvis .     - Unarmed
rCold    . . .     Gourm    .   (no shield)
rNeg     . . .     Faith    .   a - +0 robe
rPois    .         Spirit   .   (no helmet)
rElec    .         Reflect  .   (no cloak)
rCorr    .         Harm     .   u - +0 pair of gloves
MR       .....                  (no boots)
Stlth    ++........             (no amulet)
Regen    0.2/turn               (no ring)
MPRegen  0.1/turn               (no ring)

@: no status effects
A: change form in water, swift swim, stealthy swim, claws 1, frail 1, evolution
1
a: no special abilities


You were on level 4 of the Dungeon.
You were not hungry.

You visited 1 branch of the dungeon, and saw 4 of its levels.

You collected 133 gold pieces.

Inventory:

Armour
 a - a +0 robe (worn)
 u - a +0 pair of gloves (worn)
Jewellery
 o - an uncursed amulet of guardian spirit {unknown}
 r - an uncursed amulet of magic regeneration {unknown}
Wands
 w - a wand of confusion (12/48)
Scrolls
 c - a scroll of noise {unknown}
 d - a scroll of blinking {unknown}
 e - a scroll of recharging {unknown}
 i - a scroll of teleportation {unknown}
 j - 2 scrolls of random uselessness {unknown}
 k - 4 scrolls of fog {unknown}
 m - a scroll of identify {unknown}
 s - a scroll of enchant weapon {unknown}
Potions
 h - a potion of invisibility {unknown}
 n - a potion of degeneration
 p - a potion of mutation
 q - a potion of curing
Comestibles
 b - a bread ration
 f - 2 royal jellies
 l - a meat ration


   Skills:
 * Level 4.0 Fighting
 - Level 4.8 Dodging
 - Level 2.2 Stealth
 * Level 6.0 Unarmed Combat


You had 4 spell levels left.
You didn't know any spells.

Dungeon Overview and Level Annotations

Branches:
Dungeon (4/15)
 Temple: D:4-7

Altars:
Ashenzari
Elyvilon
Hepliaklqana
Nemelex Xobeh
Xom
Zin
The Shining One


Innate Abilities, Weirdness & Mutations

You revert to your normal form in water.
You are very nimble and swift while swimming.
You are very stealthy in the water. (Stealth+)
You have sharp fingernails.
You are frail. (-10% HP)
You evolve.


Message History

You hear the slow hiss of a distant avalanche of sand.
All of the chunks of flesh in your inventory have rotted away.
A wyvern skeleton comes into view.
A wyvern skeleton is nearby!
You punch the wyvern skeleton! Your punch misses the wyvern skeleton.
The wyvern skeleton is lightly damaged.
The wyvern skeleton misses you.
You hit the wyvern skeleton.
The wyvern skeleton is moderately damaged.
The wyvern skeleton bites you.
You hit the wyvern skeleton.
The wyvern skeleton is heavily damaged.
The wyvern skeleton barely misses you.
You hit the wyvern skeleton.
The wyvern skeleton is heavily damaged.
The wyvern skeleton bites you! x2
You hit the wyvern skeleton.
The wyvern skeleton is severely damaged.
The wyvern skeleton bites you!
You die...

...P≈.≈≈≈≈≈≈P≈P#..## #.
...P.≈≈≈≈≈≈≈≈≈...>.## .#
....P≈≈≈.≈≈≈≈≈P..#..##.#
....≈≈≈≈≈≈≈≈♣..####...#
..#.#♣..P.#.#..# ##..# .
## ##..##....# #.###
###...##...####.#
#..............##
#..♣♣@P♣........## #...
♣Z♣♣♣........# .... ♣P.P
♣.#......#### ...
♣≈≈P♣######......# ..
♣♣≈P♣ ###..### . .≈≈P
#### ≈≈≈≈ ≈≈≈♣♣


You could see a wyvern skeleton.

Vanquished Creatures
  A jelly (D:3)
  A worker ant (D:3)
  3 gnolls (D:2)
  4 adders
  An ooze (D:2)
  An adder skeleton (D:4)
  3 worms
  A leopard gecko (D:2)
  7 orcs (D:3)
  5 giant cockroaches
  5 goblins
  6 hobgoblins
  3 jackals (D:2)
  6 bats
  2 frilled lizards (D:2)
  10 kobolds
  A leopard gecko zombie (D:4)
  3 rats
63 creatures vanquished.

Notes
Turn   | Place    | Note
-------+----------+-------------------------------------------
     0 | D:1      | Jaijjee the Merfolk Monk began the quest for the Orb.
     0 | D:1      | Reached XP level 1. HP: 18/18 MP: 1/1
   429 | D:1      | Reached XP level 2. HP: 22/24 MP: 2/2
   988 | D:2      | Found a hazy altar of Hepliaklqana.
  1053 | D:2      | Reached XP level 3. HP: 29/29 MP: 3/3
  1103 | D:2      | Reached skill level 4 in Unarmed Combat
  1261 | D:2      | Found a sparkling altar of Nemelex Xobeh.
  1271 | D:2      | Reached XP level 4. HP: 37/37 MP: 4/4
  1323 | D:2      | Found a shimmering altar of Xom.
  1429 | D:2      | Found a white marble altar of Elyvilon.
  1445 | D:2      | Found a glowing silver altar of Zin.
  1447 | D:2      | Found a glowing golden altar of the Shining One.
  1447 | D:2      | Found a shattered altar of Ashenzari.
  1979 | D:3      | Reached skill level 5 in Unarmed Combat
  2058 | D:3      | Reached XP level 5. HP: 32/42 MP: 5/5
  2565 | D:3      | Gained mutation: You are frail. (-10% HP) [potion of mutation]
  2565 | D:3      | Gained mutation: You have sharp fingernails. [potion of mutation]
  2565 | D:3      | Gained mutation: You evolve. [potion of mutation]
  2809 | D:3      | Reached skill level 6 in Unarmed Combat
  3047 | D:4      | Slain by a wyvern skeleton

Skill      XL: |  1  2  3  4  5 |
---------------+----------------+-----
Unarmed Combat | 4 5 6 |  6.0
Fighting       | 4 |  4.0
Dodging        | |  4.8
Stealth        | |  2.2

Action                   |  1- 3 |  4- 6 || total
-------------------------+-------+-------++-------
Melee: Unarmed           |   101 |   202 ||   303
       Punch             |     2 |     1 ||     3
  Use: Potion            |       |     8 ||     8
 Stab: Sleeping          |       |     1 ||     1
  Eat: Chunk             |     1 |     6 ||     7
Armor: Robe              |    17 |    18 ||    35
Dodge: Dodged            |    92 |   160 ||   252
